 Dungeon Crawl Stone Soup version 0.31-a0-164-g2312942fda (webtiles) character file.

Game seed: 860418827022105436

5877 olmar the Thaumaturge (level 10, 0/80 HPs)
             Began as a Gnoll Warper on June 13, 2023.
             Was an Initiate of Gozag.
             Killed from afar by an electric eel (5 damage)
             ... with a bolt of electricity
             ... on level 8 of the Dungeon.
             The game lasted 00:16:00 (10315 turns).

olmar the Thaumaturge (Gnoll Warper)               Turns: 10315, Time: 00:16:01

Health: 0/80       AC: 11    Str: 19    XL:     10   Next: 81%
Magic:  0/22       EV: 15    Int: 18    God:    Gozag
Gold:   164        SH:  0    Dex: 12    Spells: 1/25 levels left

rFire   . . .        t - +3 quarterstaff (chaos)
rCold   . . .        (shield currently unavailable)
rNeg    . . .        y - +0 robe of Lies {Contam Rampage rCorr Str+6}
rPois   .            k - +2 hat of the Bear Spirit {Spirit, Bear, *Rage Will++}
rElec   .            u - +1 cloak
rCorr   +            h - +2 pair of gloves
SInv    .            m - +0 pair of boots of Least Resistance {Drain rCorr Int+4}
Will    ++...        (no amulet)
Stlth   ++           B - ring of wizardry
HPRegen 0.33/turn    (no ring)
MPRegen 0.18/turn

%: random rage (20%), guardian spirit, rampage, wizardry (x1)
@: on blink cooldown, very slow
A: fangs 1, strong nose, distributed training
a: Renounce Religion, Potion Petition, Call Merchant, Bribe Branch


You were on level 8 of the Dungeon.
You worshipped Gozag.
Gozag was aware of your devotion.
You visited 2 branches of the dungeon, and saw 9 of its levels.
You also visited: Sewer.

You collected 1435 gold pieces.
You spent 942 gold pieces at shops.
You paid 329 gold pieces to Gozag.

Inventory:

Hand Weapons
 a - a +0 mace
 t - a +3 quarterstaff of chaos (weapon)
Missiles
 c - a silver boomerang
 d - 4 boomerangs of dispersal
 i - 54 poisoned darts
 n - 4 boomerangs
 v - 8 curare-tipped darts
 F - 2 throwing nets
Armour
 b - a +0 leather armour
 h - a +2 pair of gloves (worn)
 k - the +2 hat of the Bear Spirit (worn) {Spirit, Bear, *Rage Will++}
   (You bought it in a shop on level 7 of the Dungeon)

   Bear:      Going berserk makes the wearer exceptionally tough, and they are
   slowed for a shorter time afterward.
   *Rage:     It berserks you when you make melee attacks (+20% chance).
   Will:      It greatly increases your willpower.
 m - the +0 pair of boots of Least Resistance (worn) {Drain rCorr Int+4}
   (You found it on level 3 of the Dungeon)

   Int:       It affects your intelligence (+4).
   rCorr:     It protects you from acid and corrosion.
   Drain:     It drains your maximum health when unequipped.
 u - a +1 cloak (worn)
 w - the +0 robe of the Known World {-Tele rF+++ Dex+4 SInv}
   (You found it on level 4 of the Dungeon)

   Dex:       It affects your dexterity (+4).
   rF:        It renders you almost immune to fire.
   SInv:      It lets you see invisible.
   -Tele:     It prevents most forms of teleportation.
 x - a +2 pair of gloves
 y - the +0 robe of Lies (worn) {Contam Rampage rCorr Str+6}
   (You found it on level 4 of the Dungeon)

   Str:       It affects your strength (+6).
   Contam:    It causes magical contamination when unequipped.
   rCorr:     It protects you from acid and corrosion.
   Rampage:   It bestows one free step when moving towards enemies.
Jewellery
 o - a ring of ice
 B - a ring of wizardry (left hand)
Wands
 A - a wand of paralysis (2) (quivered)
 K - a wand of polymorph (6)
 M - a wand of roots (13)
Scrolls
 e - a scroll of fog
 f - 2 scrolls of silence
 j - a scroll of poison {unknown}
 q - 3 scrolls of torment
 z - a scroll of teleportation
 C - 2 scrolls of enchant armour
 L - 3 scrolls of fear {unknown}
 N - 3 scrolls of identify
Potions
 g - 2 potions of haste
 l - a potion of mutation
 p - 2 potions of attraction
 r - a potion of enlightenment
 s - a potion of ambrosia
 D - a potion of degeneration {unknown}
 E - 2 potions of heal wounds {unknown}
 G - 3 potions of curing
 H - a potion of brilliance {unknown}
 I - 2 potions of invisibility {unknown}
 J - a potion of cancellation {unknown}
 O - a potion of berserk rage {unknown}


   Skills:
 + Level 8.0 Fighting
 + Level 6.5 Short Blades
 + Level 6.5 Long Blades
 + Level 6.5 Axes
 + Level 8.0 Maces & Flails
 + Level 6.5 Polearms
 + Level 6.5 Staves
 + Level 6.5 Ranged Weapons
 + Level 7.0 Throwing
 + Level 7.0 Armour
 + Level 8.0 Dodging
 + Level 6.5 Stealth
 + Level 6.5 Shields
 + Level 6.5 Unarmed Combat
 + Level 8.3 Spellcasting
 + Level 5.3 Conjurations
 + Level 5.3 Hexes
 + Level 5.3 Summonings
 + Level 5.3 Necromancy
 + Level 7.7 Translocations
 + Level 5.3 Transmutations
 + Level 5.3 Fire Magic
 + Level 5.3 Ice Magic
 + Level 5.3 Air Magic
 + Level 5.3 Earth Magic
 + Level 5.3 Poison Magic
 + Level 7.1 Invocations
 + Level 6.5 Evocations


You had one spell level left.
You knew the following spells:

 Your Spells              Type           Power      Damage    Failure   Level
a - Blink                 Tloc           70%        N/A       1%          2
b - Vhi's Electric Charg  Tloc/Air       62%        N/A       1%          3
c - Manifold Assault      Tloc           35%        N/A       1%          4
d - Slow                  Hex            100%       N/A       1%          1
e - Confusing Touch       Hex            26%        N/A       1%          3
f - Ensorcelled Hibernat  Hex/Ice        52%        N/A       1%          2
g - Vampiric Draining     Necr           26%        2d7       1%          3
h - Swiftness             Air            26%        N/A       1%          3
i - Portal Projectile     Hex/Tloc       62%        N/A       1%          3

Your spell library contained the following spells:

 Spells                   Type           Power      Damage    Failure   Level
 Magic Dart               Conj           100%       1d8       1%          1
 Call Imp                 Summ           52%        N/A       1%          2
 Lesser Beckoning         Tloc           70%        N/A       1%          2
 Momentum Strike          Conj/Tloc      62%        3d9       1%          2
 Passwall                 Tmut/Erth      21%        N/A       1%          2
 Scorch                   Fire           52%        2d7       1%          2
 Mephitic Cloud           Conj/Pois/Air  26%        N/A       1%          3
 Teleport Other           Tloc           35%        N/A       1%          3
 Tukima's Dance           Hex            26%        N/A       1%          3
 Flame Wave               Conj/Fire      26%        2d8       4%          4
 Blade Hands              Tmut           13%        N/A       12%         5
 Summon Cactus Giant      Summ           13%        N/A       52%         6
 Enfeeble                 Hex            13%        N/A       96%         7
 Ozocubu's Refrigeration  Ice            13%        4d10      96%         7
 Polar Vortex             Ice            13%        N/A       100%        9
 Simulacrum               Ice/Necr       Unusable   N/A       N/A         6

Dungeon Overview and Level Annotations

Branches:
Dungeon (8/15)             Temple (1/1) D:4           Sewer (visited)
   Lair: D:8-11

Altars:
Ashenzari
Gozag
Hepliaklqana
Kikubaaqudgha
Nemelex Xobeh
Okawaru
Qazlal
Ru
Vehumet
Wu Jian
Xom
Yredelemnul
Zin
The Shining One

Shops:
D:7 [


Innate Abilities, Weirdness & Mutations

You have very sharp teeth.
Your uncanny sense of smell can sniff out nearby items.
Your experience applies equally to all skills.


Message History

Unknown command.
You barely miss the electric eel.
The electric eel is lightly wounded.
Unknown command.
You closely miss the electric eel. Your bite misses the electric eel.
The electric eel is lightly wounded.
The electric eel shoots out a bolt of lightning at you!
The bolt of electricity hits you!
* * * LOW HITPOINT WARNING * * *
The bolt of electricity hits you!
* * * LOW HITPOINT WARNING * * *
You barely miss the electric eel.
The electric eel is lightly wounded.
The electric eel shoots out a bolt of lightning at you!
The bolt of electricity misses you. The bolt of electricity hits you!
* * * LOW HITPOINT WARNING * * *
Unknown command.
Okay, then. [a] - 264 gold - curing and magic [b] - 322 gold - haste and brilliance [c] - 552 gold - resistance, might and haste Purchase which effect?
You no longer have enough gold to petition Gozag for potion effects.
You feel better. Magic courses through your body.
The electric eel shoots out a bolt of lightning at you!
The bolt of electricity hits you!
* * * LOW HITPOINT WARNING * * *
The bolt of electricity hits you!
* * * LOW HITPOINT WARNING * * *
Unknown command.
Casting: Manifold Assault (dangerous; 1% risk of failure)
Confirm with . or Enter, or press ? or * to list all spells.
You blink.
Splash!
The electric eel shoots out a bolt of lightning at you!
The bolt of electricity hits you!
* * * LOW HITPOINT WARNING * * *
The bolt of electricity hits you!
You die...
Your body crumbles into a pile of gold.

.....#~♣~~≈≈≈≈≈≈≈≈~~♣#
.....#~♣~~~≈≈≈≈≈≈~~♣~#
.....#♣~~~≈≈≈≈≈≈≈~~~♣
.....#♣P~~♣≈≈≈≈≈~~P♣
.....##♣~~~~~≈S~~~♣
.......~♣~~♣~~~~♣~♣ #
.....#.~♣~P~~~♣$~~♣~#
~..####♣~~~~~~~~~♣~#
~~.### #♣~~~♣~~S@~~#
♣~~~.# ♣~♣~~~§~♣♣~#
♣~~.## #♣♣♣~~~~♣ ##
♣~~~# #~~~♣♣# ♣~~.#
##~P♣.# ♣♣..# ###...##
~~..######...###
P~.........###
..#......>##


You could see 2 electric eels.

Vanquished Creatures
  A hornet (shapeshifter) (D:5)
  A jumping spider (shapeshifter) (D:7)
  A wyvern (D:8)
  5 steam dragons
  4 vampire mosquitoes (D:8)
  Menkaure (D:6)
  A water moccasin (D:5)
  A black bear (D:7)
  3 ice beasts
  3 sky beasts
  An ogre (D:6)
  A centaur (D:6)
  2 bullfrogs (D:7)
  4 kobold brigands
  A scorpion (D:5)
  6 wights
  7 electric eels (D:8)
  A crimson imp (D:7)
  4 hounds
  2 gnoll boudas
  6 orc priests
  Crazy Yiuf (D:3)
  Jessica (D:3)
  4 sleepcaps
  3 iguanas
  3 orc wizards
  9 adders
  6 gnolls
  5 river rats
  A white imp (D:7)
  2 ufetubi
  5 worms
  A dart slug (D:3)
  27 orcs
  2 bats
  7 endoplasms
  2 goblins
  5 hobgoblins
  3 jackals (D:4)
  29 kobolds
  A quokka (D:1)
  13 ball pythons
  A frilled lizard (Sewer)
  23 rats
210 creatures vanquished.

Notes
Turn   | Place    | Note
-------+----------+-------------------------------------------
     0 | D:1      | olmar the Gnoll Warper began the quest for the Orb.
     0 | D:1      | Reached XP level 1. HP: 20/20 MP: 6/6
   435 | D:1      | Reached XP level 2. HP: 26/26 MP: 7/7
   933 | D:2      | You fall into a shaft and drop 1 floor!
  1057 | D:3      | Learned a level 2 spell: Blink
  1077 | D:3      | Identified the +0 pair of boots of Least Resistance {Drain
                  | rCorr Int+4}
  1205 | D:3      | Reached skill level 5 in Spellcasting
  1205 | D:3      | Reached XP level 3. HP: 14/31 MP: 7/9
  1337 | D:3      | Reached skill level 1 in Invocations
  1411 | D:3      | Reached skill level 1 in Short Blades
  1411 | D:3      | Reached skill level 1 in Long Blades
  1411 | D:3      | Reached skill level 1 in Axes
  1411 | D:3      | Reached skill level 1 in Polearms
  1411 | D:3      | Reached skill level 1 in Staves
  1411 | D:3      | Reached skill level 1 in Ranged Weapons
  1411 | D:3      | Reached skill level 1 in Stealth
  1411 | D:3      | Reached skill level 1 in Shields
  1411 | D:3      | Reached skill level 1 in Unarmed Combat
  1411 | D:3      | Reached skill level 1 in Evocations
  1523 | D:3      | Found a basalt altar of Yredelemnul.
  1568 | D:3      | Reached XP level 4. HP: 38/38 MP: 11/11
  1700 | D:3      | Noticed Jessica
  1713 | D:3      | Killed Jessica
  1714 | D:3      | Reached skill level 1 in Conjurations
  1714 | D:3      | Reached skill level 1 in Hexes
  1714 | D:3      | Reached skill level 1 in Summonings
  1714 | D:3      | Reached skill level 1 in Necromancy
  1714 | D:3      | Reached skill level 1 in Transmutations
  1714 | D:3      | Reached skill level 1 in Fire Magic
  1714 | D:3      | Reached skill level 1 in Ice Magic
  1714 | D:3      | Reached skill level 1 in Air Magic
  1714 | D:3      | Reached skill level 1 in Earth Magic
  1714 | D:3      | Reached skill level 1 in Poison Magic
  1990 | D:3      | Learned a level 3 spell: Vhi's Electric Charge
  2093 | D:3      | Found a hazy altar of Hepliaklqana.
  2185 | D:3      | Found a runed translucent door.
  2186 | D:3      | Noticed Crazy Yiuf
  2205 | D:3      | Killed Crazy Yiuf
  2206 | D:3      | Reached XP level 5. HP: 22/43 MP: 9/12
  2394 | D:4      | Learned a level 4 spell: Manifold Assault
  2532 | D:4      | Identified the +0 robe of the Known World {-Tele rF+++
                  | Dex+4 SInv}
  2657 | D:4      | Found a staircase to the Ecumenical Temple.
  2688 | D:4      | Identified the +0 robe of Lies {Contam Rampage rCorr Str+6}
  2707 | Temple   | Entered the Ecumenical Temple
  2819 | Temple   | Became a worshipper of Gozag Ym Sagoz the Greedy
  3273 | D:5      | Entered Level 5 of the Dungeon
  3302 | D:5      | Learned a level 1 spell: Slow
  3378 | D:5      | an iguana changed into a shapeshifter
  3378 | D:5      | Noticed a shapeshifter (shapeshifter)
  3378 | D:5      | a shapeshifter changed into a hornet
  3378 | D:5      | Noticed a hornet (shapeshifter)
  3390 | D:5      | Killed a hornet
  3391 | D:5      | Reached skill level 5 in Fighting
  3391 | D:5      | Reached skill level 5 in Maces & Flails
  3391 | D:5      | Reached skill level 5 in Dodging
  3391 | D:5      | Reached XP level 6. HP: 27/51 MP: 11/14
  3510 | D:5      | Reached XP level 7. HP: 54/56 MP: 15/15
  3548 | D:5      | Learned a level 3 spell: Confusing Touch
  3563 | D:5      | Found a sparkling altar of Nemelex Xobeh.
  4395 | D:6      | Reached XP level 8. HP: 41/63 MP: 16/16
  4475 | D:6      | Found a glowing drain.
  4483 | Sewer    | Entered a sewer
  5472 | D:6      | Learned a level 2 spell: Ensorcelled Hibernation
  5477 | D:6      | Found a broken altar of Ashenzari.
  5804 | D:6      | Noticed Menkaure
  5993 | D:5      | Reached skill level 5 in Short Blades
  5993 | D:5      | Reached skill level 5 in Long Blades
  5993 | D:5      | Reached skill level 5 in Axes
  5993 | D:5      | Reached skill level 5 in Polearms
  5993 | D:5      | Reached skill level 5 in Staves
  5993 | D:5      | Reached skill level 5 in Ranged Weapons
  5993 | D:5      | Reached skill level 5 in Stealth
  5993 | D:5      | Reached skill level 5 in Shields
  5993 | D:5      | Reached skill level 5 in Unarmed Combat
  5993 | D:5      | Reached skill level 5 in Evocations
  5993 | D:5      | Reached XP level 9. HP: 72/72 MP: 17/20
  5998 | D:5      | Learned a level 3 spell: Vampiric Draining
  6002 | D:5      | Learned a level 3 spell: Swiftness
  6007 | D:6      | Killed Menkaure
  6807 | D:7      | Reached XP level 10. HP: 78/79 MP: 21/21
  7019 | D:7      | Reached skill level 5 in Conjurations
  7019 | D:7      | Reached skill level 5 in Hexes
  7019 | D:7      | Reached skill level 5 in Summonings
  7019 | D:7      | Reached skill level 5 in Necromancy
  7019 | D:7      | Reached skill level 5 in Transmutations
  7019 | D:7      | Reached skill level 5 in Fire Magic
  7019 | D:7      | Reached skill level 5 in Ice Magic
  7019 | D:7      | Reached skill level 5 in Air Magic
  7019 | D:7      | Reached skill level 5 in Earth Magic
  7019 | D:7      | Reached skill level 5 in Poison Magic
  7025 | D:7      | Got the Tome of Charmed Relocation
  7030 | D:7      | Learned a level 3 spell: Portal Projectile
  7313 | D:7      | Found a sacrificial altar of Ru.
  7427 | D:7      | an orc priest changed into a glowing shapeshifter
  7427 | D:7      | Noticed a glowing shapeshifter (glowing shapeshifter)
  7427 | D:7      | a glowing shapeshifter changed into an anaconda
  7427 | D:7      | Noticed an anaconda (glowing shapeshifter)
  7428 | D:7      | an anaconda changed into a shining eye
  7428 | D:7      | Noticed a shining eye (glowing shapeshifter)
  7431 | D:7      | a shining eye changed into a death drake
  7431 | D:7      | Noticed a death drake (glowing shapeshifter)
  7432 | D:7      | a death drake changed into a jumping spider
  7501 | D:7      | Found Aptahosm's Antique Armour Emporium.
  7509 | D:7      | Bought the +2 hat of the Bear Spirit {Spirit, Bear, *Rage
                  | Will++} for 942 gold pieces
  7509 | D:7      | Found the +2 hat of the Bear Spirit {Spirit, Bear, *Rage
                  | Will++}
  7664 | D:7      | Found a shimmering altar of Xom.
 10157 | D:8      | Found a stormy altar of Qazlal.
 10315 | D:8      | Killed from afar by an electric eel

Illustrated notes

Levels and vault maps discovered:
D:1:      dpeg_arrival_pits, layout_basic
D:2:      layout_loops_corners, ebering_ecumenical_altar_hall, hex_medium
D:3:      layout_basic, yredelemnul_altar_generic,
          nicolae_hepliaklqana_hippocampus, minmay_cut_off,
          uniq_crazy_yiuf_cottage, uniq_jessica
D:4:      layout_loops_ring, temple_green
D:5:      layout_basic, mainiacjoe_overflow_24_doors
D:6:      minmay_inner_zag, layout_rooms, nicolae_ashenzari_panopticon,
          lightli_sewer_entry_pipes, minivault_27, uniq_menkaure
D:7:      layout_gridville, mainiacjoe_overflow_alcove_4, lemuel_tele_altar,
          serial_shops, shop, minmay_fire_ice_demons
D:8:      layout_rooms, mainiacjoe_overflow_concentric_impassable, serial_bayou,
          serial_bayou_lake_a, serial_bayou_lagoon_a, serial_bayou_lagoon_b,
          serial_bayou_pond_c
Temple:   regret_index_temple_generic_petals

Skill      XL: |  1  2  3  4  5  6  7  8  9 10 |
---------------+-------------------------------+-----
Spellcasting   | 5 7 8 |  8.3
Invocations    | 1 2 3 6 7 |  7.1
Short Blades   | 1 2 3 5 6 |  6.5
Long Blades    | 1 2 3 5 6 |  6.5
Axes           | 1 2 3 5 6 |  6.5
Polearms       | 1 2 3 5 6 |  6.5
Staves         | 1 2 3 5 6 |  6.5
Ranged Weapons | 1 2 3 5 6 |  6.5
Stealth        | 1 2 3 5 6 |  6.5
Shields        | 1 2 3 5 6 |  6.5
Unarmed Combat | 1 2 3 5 6 |  6.5
Evocations     | 1 2 3 5 6 |  6.5
Conjurations   | 1 2 4 5 |  5.3
Hexes          | 1 2 4 5 |  5.3
Summonings     | 1 2 4 5 |  5.3
Necromancy     | 1 2 4 5 |  5.3
Transmutations | 1 2 4 5 |  5.3
Fire Magic     | 1 2 4 5 |  5.3
Ice Magic      | 1 2 4 5 |  5.3
Air Magic      | 1 2 4 5 |  5.3
Earth Magic    | 1 2 4 5 |  5.3
Poison Magic   | 1 2 4 5 |  5.3
Throwing       | 3 4 6 7 |  7.0
Armour         | 3 4 6 7 |  7.0
Fighting       | 5 7 8 |  8.0
Maces & Flails | 5 7 8 |  8.0
Dodging        | 5 7 8 |  8.0
Translocations | 6 7 |  7.7

Action                     |  1- 3 |  4- 6 |  7- 9 | 10-12 || total
---------------------------+-------+-------+-------+-------++-------
  Melee: Mace              |   122 |    32 |       |       ||   154
         Bite              |    10 |     6 |    17 |    21 ||    54
         Quarterstaff      |       |    68 |   256 |   215 ||   539
  Throw: Dart              |       |     7 |     7 |     2 ||    16
         Boomerang         |       |     3 |       |       ||     3
   Cast: Blink             |       |     3 |       |     2 ||     5
         Manifold Assault  |       |       |    24 |    28 ||    52
         Vhi's Electric Ch |       |       |     2 |     4 ||     6
 Invoke: Potion Petition   |       |       |       |     1 ||     1
  Evoke: Wand              |       |     1 |     2 |     3 ||     6
    Use: Scroll            |       |       |    10 |     4 ||    14
         Potion            |       |       |     3 |       ||     3
   Stab: Sleeping          |       |     4 |    11 |     6 ||    21
         Paralysed         |       |     4 |       |     4 ||     8
         Petrified         |       |       |     1 |     1 ||     2
         Petrifying        |       |       |     1 |       ||     1
         Distracted        |       |       |     1 |       ||     1
         Confused          |       |       |       |     1 ||     1
 Armour: Leather armour    |    38 |    13 |       |       ||    51
         Robe              |       |    13 |    52 |    46 ||   111
  Dodge: Dodged            |    91 |    49 |   177 |   125 ||   442

Table legend: (Time is in decaauts)
 A = Elapsed time spent in this place.
 B = Non-inter-level travel time spent in this place.
 C = Inter-level travel time spent in this place.
 D = Time resting spent in this place.
 E = Time spent auto-exploring this place.
 F = Levels seen in this place.
 G = Mean time per level.
                   A        B        C        D        E       F      G
               +--------+--------+--------+--------+--------+-----+--------+
         Total |  10576 |  10303 |    273 |   1903 |   6565 |  10 | 1057.6 |
       Dungeon |   9493 |   9236 |    257 |   1850 |   5750 |   8 | 1186.6 |
        Temple |    152 |    136 |     16 |      0 |    101 |   1 |  152.0 |
         Sewer |    930 |    930 |      0 |     53 |    713 |   1 |  930.0 |
               +--------+--------+--------+--------+--------+-----+--------+

Top non-repeatable levels by time:
     D:8: 2046 daAuts
     D:7: 1630 daAuts
     D:3: 1478 daAuts
     D:6: 1374 daAuts
     D:5: 1283 daAuts
   Sewer: 930 daAuts
     D:1: 865 daAuts
     D:4: 740 daAuts
  Temple: 152 daAuts
     D:2: 74 daAuts
